| TOP OF THE 1ST |
|
University of North Carolina at Chapel Hill Tar Heels batting - Pitching for Fresno State University Bulldogs : LHP Cory Youngquist
|
|
Pitching: LHP Cory Youngquist
|
|
|
Batting: RHB David McDonald
|
0-0: Called Strike 0-1: Ball 1-1: Called Strike 1-2: Strikes out swinging
|
|
Batting: RHB Aaron Stout
|
0-0: Ball 1-0: SINGLE (Groundball, 6S, EV 100.0 MPH)
|
|
Batting: LHB Jason Raker
|
0-0: Called Strike 0-1: Ball Wild Pitch! Aaron Stout to second 1-1: Foul Ball, location: 2F 1-2: Ground out 6-3 (Groundball, 6, EV 83.8 MPH)
|
|
Batting: RHB Kazushige Hasegawa
|
0-0: Called Strike 0-1: Called Strike 0-2: Foul Ball, location: 2F 0-2: Ball 1-2: Ball 2-2: Fly out, F4 (Popup, 13, EV 90.6 MPH)
|
| Top of the 1st over - 0 runs, 1 hit, 0 errors, 1 left on base; University of North Carolina at Chapel Hill 0 - Fresno State University 0 |
| BOTTOM OF THE 1ST |
|
Fresno State University Bulldogs batting - Pitching for University of North Carolina at Chapel Hill Tar Heels : LHP Ricky Lopez
|
|
Pitching: LHP Ricky Lopez
|
|
|
Batting: LHB Vinny Rivera
|
0-0: Foul Ball, location: 2F 0-1: Ball 1-1: Fly out, F9 (Flyball, 9D, EV 103.8 MPH)
|
|
Batting: LHB Mike Roberts
|
0-0: Ball 1-0: Ball 2-0: Foul Ball, location: 2F 2-1: Foul Ball, location: 2F 2-2: Foul Ball, location: 2F 2-2: Ground out 4-3 (Groundball, 4S, EV 85.0 MPH)
|
|
Batting: RHB Tommy Tracy
|
0-0: Called Strike 0-1: Ball 1-1: Swinging Strike 1-2: Foul Ball, location: 2F 1-2: Ball 2-2: Strikes out swinging
|
| Bottom of the 1st over - 0 runs, 0 hits, 0 errors, 0 left on base; University of North Carolina at Chapel Hill 0 - Fresno State University 0 |
| TOP OF THE 2ND |
|
University of North Carolina at Chapel Hill Tar Heels batting - Pitching for Fresno State University Bulldogs : LHP Cory Youngquist
|
|
Batting: RHB George Boivin
|
0-0: Foul Ball, location: 2F 0-1: Ground out 4-3 (Groundball, 4M, EV 101.9 MPH)
|
|
Batting: RHB Sam Daw
|
0-0: SOLO HOME RUN (Flyball, 7LD, EV 92.5 MPH), Distance : 326 ft
|
|
Batting: RHB Travis Robinson
|
0-0: SOLO HOME RUN (Flyball, 89XD, EV 101.9 MPH), Distance : 409 ft
|
|
Batting: RHB Jonathan Livingston
|
0-0: Foul Ball, location: 2F 0-1: Ground out 4-3 (Groundball, 4M, EV 106.2 MPH)
|
|
Batting: RHB Norm Wood
|
0-0: SINGLE (Line Drive, 34, EV 110.0 MPH)
|
|
Batting: RHB David McDonald
|
0-0: Called Strike 0-1: Swinging Strike 0-2: Strikes out swinging
|
| Top of the 2nd over - 2 runs, 3 hits, 0 errors, 1 left on base; University of North Carolina at Chapel Hill 2 - Fresno State University 0 |
| BOTTOM OF THE 2ND |
|
Fresno State University Bulldogs batting - Pitching for University of North Carolina at Chapel Hill Tar Heels : LHP Ricky Lopez
|
|
Batting: RHB Wali Mulogo
|
0-0: Ball 1-0: Foul Ball, location: 2F 1-1: Ball 2-1: SINGLE (Groundball, 4MD, EV 106.2 MPH) (infield hit)
|
|
Batting: RHB Phil Hamby
|
0-0: Swinging Strike 0-1: Called Strike 0-2: Strikes out swinging
|
|
Batting: RHB Andrew Pride
|
0-0: Ball 1-0: Ball 2-0: Called Strike 2-1: Ball 3-1: Fielders Choice at 2nd, 5-4 (Groundball, 5S, EV 88.1 MPH)
|
|
Batting: RHB Ryan Miller
|
0-0: Ball 1-0: Swinging Strike 1-1: Ball 2-1: Ball 3-1: Called Strike 3-2: Ground out 6-3 (Groundball, 6MD, EV 87.5 MPH)
|
| Bottom of the 2nd over - 0 runs, 1 hit, 0 errors, 1 left on base; University of North Carolina at Chapel Hill 2 - Fresno State University 0 |
| TOP OF THE 3RD |
|
University of North Carolina at Chapel Hill Tar Heels batting - Pitching for Fresno State University Bulldogs : LHP Cory Youngquist
|
|
Batting: RHB Aaron Stout
|
0-0: Ball 1-0: Foul Ball, location: 2F 1-1: SOLO HOME RUN (Flyball, 7LD, EV 91.9 MPH), Distance : 327 ft
|
|
Batting: LHB Jason Raker
|
0-0: Called Strike 0-1: Fly out, F2 (Popup, 15S, EV 75.6 MPH)
|
|
Batting: RHB Kazushige Hasegawa
|
0-0: Foul Ball, location: 2F 0-1: Called Strike 0-2: Ball 1-2: Ground out 4-3 (Groundball, 4S, EV 84.4 MPH)
|
|
Batting: RHB George Boivin
|
0-0: Ball 1-0: Ball 2-0: Swinging Strike 2-1: Foul Ball, location: 2F 2-2: Foul Ball, location: 2F 2-2: Fly out, F8 (Line Drive, 8RD, EV 94.4 MPH)
|
| Top of the 3rd over - 1 run, 1 hit, 0 errors, 0 left on base; University of North Carolina at Chapel Hill 3 - Fresno State University 0 |
| BOTTOM OF THE 3RD |
|
Fresno State University Bulldogs batting - Pitching for University of North Carolina at Chapel Hill Tar Heels : LHP Ricky Lopez
|
|
Batting: SHB Jay Rook
|
0-0: Ball 1-0: Ball 2-0: Ground out 6-3 (Groundball, 6, EV 110.0 MPH)
|
|
Batting: RHB Minoru Matsumoto
|
0-0: Ball 1-0: Fly out, F7 (Flyball, 7S, EV 90.6 MPH)
|
|
Batting: LHB Vinny Rivera
|
0-0: Fly out, F8 (Flyball, 8RXD, EV 105.0 MPH)
|
| Bottom of the 3rd over - 0 runs, 0 hits, 0 errors, 0 left on base; University of North Carolina at Chapel Hill 3 - Fresno State University 0 |
| TOP OF THE 4TH |
|
University of North Carolina at Chapel Hill Tar Heels batting - Pitching for Fresno State University Bulldogs : LHP Cory Youngquist
|
|
Batting: RHB Sam Daw
|
0-0: Fly out, F4 (Popup, 4MS, EV 75.6 MPH)
|
|
Batting: RHB Travis Robinson
|
0-0: Fly out, F7 (Flyball, 7S, EV 87.5 MPH)
|
|
Batting: RHB Jonathan Livingston
|
0-0: SOLO HOME RUN (Flyball, 7D, EV 97.5 MPH), Distance : 357 ft
|
|
Batting: RHB Norm Wood
|
0-0: Ball 1-0: Ball 2-0: Foul Ball, location: 2F 2-1: Foul Ball, location: 2F 2-2: Fly out, F8 (Flyball, 78M, EV 83.1 MPH)
|
| Top of the 4th over - 1 run, 1 hit, 0 errors, 0 left on base; University of North Carolina at Chapel Hill 4 - Fresno State University 0 |
| BOTTOM OF THE 4TH |
|
Fresno State University Bulldogs batting - Pitching for University of North Carolina at Chapel Hill Tar Heels : LHP Ricky Lopez
|
|
Batting: LHB Mike Roberts
|
0-0: Ball 1-0: Called Strike 1-1: Ball 2-1: Foul Ball, location: 2F 2-2: Ball 3-2: Strikes out swinging, 2-3 out at first.
|
|
Batting: RHB Tommy Tracy
|
0-0: Called Strike 0-1: Ball 1-1: Foul Ball, location: 2F 1-2: Strikes out swinging
|
|
Batting: RHB Wali Mulogo
|
0-0: Called Strike 0-1: Foul Ball, location: 2F 0-2: Ball 1-2: Foul Ball, location: 2F 1-2: Ball 2-2: Ball 3-2: Base on Balls
|
|
Batting: RHB Phil Hamby
|
0-0: Ball 1-0: Ball 2-0: Ball 3-0: Called Strike 3-1: Fly out, F9 (Line Drive, 9, EV 90.0 MPH)
|
| Bottom of the 4th over - 0 runs, 0 hits, 0 errors, 1 left on base; University of North Carolina at Chapel Hill 4 - Fresno State University 0 |
| TOP OF THE 5TH |
|
University of North Carolina at Chapel Hill Tar Heels batting - Pitching for Fresno State University Bulldogs : LHP Cory Youngquist
|
|
Batting: RHB David McDonald
|
0-0: Foul Ball, location: 2F 0-1: SINGLE (Line Drive, 7S, EV 88.1 MPH)
|
|
Batting: RHB Aaron Stout
|
0-0: Sac Bunt to 13S - play at first, batter OUT! 1-3 David McDonald to second
|
|
Batting: LHB Jason Raker
|
0-0: Fly out, F7 (Flyball, 7S, EV 90.0 MPH)
|
|
Batting: RHB Kazushige Hasegawa
|
0-0: Intentional Walk
|
|
Batting: RHB George Boivin
|
0-0: Ball 1-0: SINGLE (Groundball, 34D, EV 98.8 MPH) David McDonald to third Kazushige Hasegawa to second Runner from 3rd tries for Home, SAFE, throw by RF to home Kazushige Hasegawa to third George Boivin to second
|
|
Pitching: RHP Bill Gomez
|
|
|
Batting: RHB Sam Daw
|
0-0: SINGLE (Groundball, 56D, EV 109.4 MPH) Kazushige Hasegawa scores George Boivin to third Runner from 3rd tries for Home, SAFE, throw by LF to home
|
|
Batting: RHB Travis Robinson
|
0-0: Ball 1-0: Single, Error in OF, E8, batter to second base (Groundball, 6D, EV 94.4 MPH) Sam Daw to third
|
|
Batting: RHB Jonathan Livingston
|
0-0: Ball 1-0: Swinging Strike 1-1: Ball 2-1: Ball 3-1: Swinging Strike 3-2: Fly out, F3 (Line Drive, 3, EV 66.2 MPH)
|
| Top of the 5th over - 3 runs, 4 hits, 1 error, 2 left on base; University of North Carolina at Chapel Hill 7 - Fresno State University 0 |
| BOTTOM OF THE 5TH |
|
Fresno State University Bulldogs batting - Pitching for University of North Carolina at Chapel Hill Tar Heels : LHP Ricky Lopez
|
|
Batting: RHB Andrew Pride
|
0-0: Called Strike 0-1: Called Strike 0-2: Ball 1-2: Strikes out swinging
|
|
Batting: RHB Ryan Miller
|
0-0: Called Strike 0-1: Foul Ball, location: 2F 0-2: Ball 1-2: Strikes out looking
|
|
Batting: SHB Jay Rook
|
0-0: Ball 1-0: SINGLE (Flyball, 7LS, EV 90.6 MPH)
|
|
Batting: RHB Minoru Matsumoto
|
0-0: Ball 1-0: Ball Wild Pitch! Jay Rook to second 2-0: SINGLE (Groundball, 56D, EV 96.2 MPH) Jay Rook to third Runner from 3rd tries for Home, SAFE, throw by LF to home
|
|
Batting: LHB Vinny Rivera
|
0-0: Foul Ball, location: 2F 0-1: Ball 1-1: Ground out 1-3 (Groundball, 15S, EV 73.1 MPH)
|
| Bottom of the 5th over - 1 run, 2 hits, 0 errors, 1 left on base; University of North Carolina at Chapel Hill 7 - Fresno State University 1 |
| TOP OF THE 6TH |
|
University of North Carolina at Chapel Hill Tar Heels batting - Pitching for Fresno State University Bulldogs : RHP Bill Gomez
|
|
Batting: RHB Norm Wood
|
0-0: Ball 1-0: Ball 2-0: Called Strike 2-1: Ball 3-1: Ground out 5-3 (Groundball, 5L, EV 103.1 MPH)
|
|
Batting: RHB David McDonald
|
0-0: Fly out, F8 (Flyball, 8RM, EV 84.4 MPH)
|
|
Batting: RHB Aaron Stout
|
0-0: Ball 1-0: Ball 2-0: Ball 3-0: Called Strike 3-1: Fly out, F7 (Flyball, 78D, EV 96.9 MPH)
|
| Top of the 6th over - 0 runs, 0 hits, 0 errors, 0 left on base; University of North Carolina at Chapel Hill 7 - Fresno State University 1 |
| BOTTOM OF THE 6TH |
|
Fresno State University Bulldogs batting - Pitching for University of North Carolina at Chapel Hill Tar Heels : LHP Ricky Lopez
|
|
Pitching: RHP Nate Vandergriff
|
|
|
Batting: LHB Mike Roberts
|
0-0: Called Strike 0-1: Foul Ball, location: 2F 0-2: Ball 1-2: Ball 2-2: Ground out 4-3 (Groundball, 4, EV 80.6 MPH)
|
|
Batting: RHB Tommy Tracy
|
0-0: Called Strike 0-1: Ball 1-1: Ball 2-1: Ball 3-1: Base on Balls
|
|
Batting: RHB Wali Mulogo
|
0-0: Fly out, F7 (Flyball, 78S, EV 88.8 MPH)
|
|
Batting: RHB Phil Hamby
|
0-0: Ball Tommy Tracy steals 2nd base 1-0: Fly out, F5 (Flyball, 5D, EV 81.9 MPH)
|
| Bottom of the 6th over - 0 runs, 0 hits, 0 errors, 1 left on base; University of North Carolina at Chapel Hill 7 - Fresno State University 1 |
| TOP OF THE 7TH |
|
University of North Carolina at Chapel Hill Tar Heels batting - Pitching for Fresno State University Bulldogs : RHP Bill Gomez
|
|
Batting: LHB Jason Raker
|
0-0: Ball 1-0: Ball 2-0: Ball 3-0: Base on Balls
|
|
Pitching: LHP Ron Fries
|
|
|
Batting: RHB Kazushige Hasegawa
|
0-0: Called Strike 0-1: SINGLE (Flyball, 3D, EV 90.6 MPH) Jason Raker to second
|
|
Batting: RHB George Boivin
|
0-0: Ball 1-0: Foul Ball, location: 2F 1-1: Ball 2-1: Foul Ball, location: 2F 2-2: Foul Ball, location: 2F 2-2: Foul Ball, location: 2F 2-2: Fielders Choice at 3rd, U5 (Groundball, 5L, EV 103.1 MPH) Kazushige Hasegawa to second
|
|
Batting: RHB Sam Daw
|
0-0: Called Strike 0-1: Foul Ball, location: 2F 0-2: Ball 1-2: Foul Ball, location: 2F 1-2: SINGLE (Groundball, 56D, EV 103.8 MPH) Kazushige Hasegawa to third George Boivin to second
|
|
Batting: RHB Travis Robinson
|
0-0: Called Strike 0-1: Grounds into double play, 4-6-3 (Groundball, 4MS, EV 81.2 MPH)
|
| Top of the 7th over - 0 runs, 2 hits, 0 errors, 2 left on base; University of North Carolina at Chapel Hill 7 - Fresno State University 1 |
| BOTTOM OF THE 7TH |
|
Fresno State University Bulldogs batting - Pitching for University of North Carolina at Chapel Hill Tar Heels : RHP Nate Vandergriff
|
|
Batting: RHB Andrew Pride
|
0-0: Called Strike 0-1: Foul Ball, location: 2F 0-2: Ball 1-2: Ball 2-2: Ball 3-2: Foul Ball, location: 2F 3-2: Foul Ball, location: 2F 3-2: Fly out, F8 (Flyball, 8LM, EV 83.1 MPH)
|
|
Batting: RHB Ryan Miller
|
0-0: Ball 1-0: Fly out, F8 (Flyball, 8RS, EV 92.5 MPH)
|
|
Batting: SHB Jay Rook
|
0-0: Called Strike 0-1: Ball 1-1: Ground out U3 (Groundball, 3, EV 82.5 MPH)
|
| Bottom of the 7th over - 0 runs, 0 hits, 0 errors, 0 left on base; University of North Carolina at Chapel Hill 7 - Fresno State University 1 |
| TOP OF THE 8TH |
|
University of North Carolina at Chapel Hill Tar Heels batting - Pitching for Fresno State University Bulldogs : LHP Ron Fries
|
|
Batting: RHB Jonathan Livingston
|
0-0: Ball 1-0: Swinging Strike 1-1: Foul Ball, location: 2F 1-2: Ground out 5-3 (Groundball, 56, EV 80.0 MPH)
|
|
Batting: RHB Norm Wood
|
0-0: Swinging Strike 0-1: Swinging Strike 0-2: Ball 1-2: Strikes out swinging
|
|
Batting: RHB David McDonald
|
0-0: Foul Ball, location: 2F 0-1: Ball 1-1: Foul Ball, location: 2F 1-2: Foul Ball, location: 2F 1-2: Fly out, F8 (Line Drive, 8LD, EV 85.6 MPH)
|
| Top of the 8th over - 0 runs, 0 hits, 0 errors, 0 left on base; University of North Carolina at Chapel Hill 7 - Fresno State University 1 |
| BOTTOM OF THE 8TH |
|
Fresno State University Bulldogs batting - Pitching for University of North Carolina at Chapel Hill Tar Heels : RHP Nate Vandergriff
|
|
Batting: RHB Minoru Matsumoto
|
0-0: Ball 1-0: Fly out, F9 (Flyball, 9LM, EV 93.8 MPH)
|
|
Pitching: RHP Alfonso Mier
|
|
|
Batting: LHB Vinny Rivera
|
0-0: Ball 1-0: Foul Ball, location: 2F 1-1: Ball 2-1: Ball 3-1: Fly out, F7 (Flyball, 78S, EV 85.6 MPH)
|
|
Batting: LHB Mike Roberts
|
0-0: Ball 1-0: Called Strike 1-1: Ball 2-1: SOLO HOME RUN (Flyball, 9LD, EV 97.5 MPH), Distance : 354 ft
|
|
Batting: RHB Tommy Tracy
|
0-0: Ball 1-0: Ball 2-0: Ball 3-0: Base on Balls
|
|
Batting: RHB Wali Mulogo
|
0-0: Ground out 4-3 (Groundball, 4, EV 103.8 MPH)
|
| Bottom of the 8th over - 1 run, 1 hit, 0 errors, 1 left on base; University of North Carolina at Chapel Hill 7 - Fresno State University 2 |
| TOP OF THE 9TH |
|
University of North Carolina at Chapel Hill Tar Heels batting - Pitching for Fresno State University Bulldogs : LHP Ron Fries
|
|
Pitching: RHP Ryan Powers
|
|
|
Batting: RHB Aaron Stout
|
0-0: Ground out 4-3 (Groundball, 4M, EV 85.6 MPH)
|
|
Batting: LHB Jason Raker
|
0-0: Called Strike 0-1: Ball 1-1: Swinging Strike 1-2: Ball 2-2: Foul Ball, location: 2F 2-2: Ball 3-2: Foul Ball, location: 2F 3-2: Fly out, F9 (Line Drive, 9, EV 103.1 MPH)
|
|
Batting: RHB Kazushige Hasegawa
|
0-0: Called Strike 0-1: Ball 1-1: Swinging Strike 1-2: Strikes out swinging
|
| Top of the 9th over - 0 runs, 0 hits, 0 errors, 0 left on base; University of North Carolina at Chapel Hill 7 - Fresno State University 2 |
| BOTTOM OF THE 9TH |
|
Fresno State University Bulldogs batting - Pitching for University of North Carolina at Chapel Hill Tar Heels : RHP Alfonso Mier
|
|
Batting: RHB Phil Hamby
|
0-0: Called Strike 0-1: Swinging Strike 0-2: Ball 1-2: Foul Ball, location: 2F 1-2: Strikes out looking
|
|
Batting: RHB Andrew Pride
|
0-0: Ball 1-0: Called Strike 1-1: Ball 2-1: Swinging Strike 2-2: Strikes out swinging
|
|
Pitching: LHP Jason Haas
|
|
|
Batting: RHB Ryan Miller
|
0-0: Called Strike 0-1: Ball 1-1: Ball 2-1: Called Strike 2-2: Ball 3-2: Fly out, F9 (Flyball, 9LD, EV 92.5 MPH)
|
| Bottom of the 9th over - 0 runs, 0 hits, 0 errors, 0 left on base; University of North Carolina at Chapel Hill 7 - Fresno State University 2 |
|